 Dungeon Crawl Stone Soup version 0.28-a0-925-gd5e1996cdb (webtiles) character file.

Game seed: 11904415412087627133

663 Conn the Firebug (level 7, -1/44 HPs)
             Began as an Octopode Fire Elementalist on Nov 26, 2021.
             Slain by a black bear (3 damage)
             ... on level 4 of the Dungeon.
             The game lasted 00:09:55 (3955 turns).

Conn the Firebug (Octopode Fire Elementalist)       Turns: 3955, Time: 00:09:56

Health: -1/44      AC:  1    Str:  5 (7)  XL:     7   Next: 56%
Magic:  8/12       EV: 13    Int: 19 (20) God:
Gold:   225        SH:  0    Dex: 11 (12) Spells: 6/13 levels left

rFire   . . .      SeeInvis .   u - +2 short sword (flame)
rCold   . . .      Faith    .   (no shield)
rNeg    . . .      Spirit   .   (helmet restricted)
rPois   .          Reflect  .   o - amulet of regeneration
rElec   .          Harm     .   (no ring)
rCorr   .          Rampage  .   (no ring)
Will    .....                   (no ring)
Stlth   +++.......              (no ring)
HPRegen 0.94/turn               (no ring)
MPRegen 0.13/turn               (no ring)
                                (no ring)
                                (no ring)

@: no status effects
A: almost no armour, amphibious, 8 rings, camouflage 1, gelatinous body 1,
(nimble swimmer 1), tentacles
a: no special abilities


You were on level 4 of the Dungeon.
You visited 1 branch of the dungeon, and saw 4 of its levels.

You collected 225 gold pieces.

Inventory:

Hand Weapons
 d - a +0 short sword
 n - a +2 spear of venom
 u - a +2 short sword of flaming (weapon)
Missiles
 i - a throwing net (quivered)
Jewellery
 o - an amulet of regeneration (around mantle)
Wands
 p - a wand of flame (20)
Scrolls
 a - 3 scrolls of teleportation {unknown}
 b - 2 scrolls of enchant weapon {unknown}
 f - a scroll of immolation {unknown}
 j - 3 scrolls of identify {unknown}
 l - a scroll of vulnerability {unknown}
 r - a scroll of summoning {unknown}
Potions
 c - a potion of invisibility
 e - a potion of degeneration
 g - 3 potions of lignification
 h - a potion of flight {unknown}
 k - a potion of magic {unknown}
 m - a potion of curing
 q - a potion of mutation {unknown}
 s - a potion of ambrosia {unknown}
 t - a potion of cancellation {unknown}


   Skills:
 + Level 1.7 Fighting
 + Level 2.0 Short Blades
 + Level 0.8 Polearms
 + Level 0.5 Throwing
 + Level 2.7 Dodging
 + Level 4.2 Stealth
 + Level 3.8 Spellcasting
 + Level 3.4 Conjurations
 + Level 0.6 Hexes
 + Level 4.9 Fire Magic


You had 6 spell levels left.
You knew the following spells:

 Your Spells              Type           Power      Damage    Failure   Level
a - Foxfire               Conj/Fire      76%        2x1d7     2%          1
b - Conjure Flame         Conj/Fire      19%        6-21      8%          3
c - Inner Flame           Hex/Fire       14%        N/A       14%         3

Your spell library contained the following spells:

 Spells                   Type           Power      Damage    Failure   Level
 Scorch                   Fire           44%        2d7       2%          2
 Apportation              Tloc           6%         N/A       14%         1
 Ensorcelled Hibernation  Hex/Ice        8%         N/A       19%         2
 Flame Wave               Conj/Fire      19%        3d5       26%         4
 Spider Form              Tmut/Pois      3%         N/A       38%         3
 Alistair's Intoxication  Tmut/Pois      2%         N/A       98%         5


Dungeon Overview and Level Annotations

Branches:
Dungeon (4/15)
 Temple: D:4-7

Altars:
Beogh


Innate Abilities, Weirdness & Mutations

You cannot wear most types of armour.
You are amphibious.
You can wear up to eight rings at the same time.
Your skin changes colour to match your surroundings (Stealth+).
Your rubbery body absorbs attacks. (AC +1, EV +1)
((You are camouflaged near water. (Stealth+)))
You have tentacles for arms and can constrict up to eight enemies at once.


Message History

The black bear is moderately wounded.
Unknown command.
Casting: Foxfire (safe; 2% risk of failure)
Confirm with . or Enter, or press ? or * to list all spells.
You conjure some foxfire!
The ball python barely misses you. The ball python grabs you.
The ball python constricts you. The black bear bites you.
The black bear claws you. The black bear barely misses you.
Unknown command.
You escape the ball python's grasp.
The foxfire hits the black bear!
The black bear is heavily wounded.
The foxfire hits the black bear.
The black bear is severely wounded.
Unknown command.
Casting: Foxfire (safe; 2% risk of failure)
Confirm with . or Enter, or press ? or * to list all spells.
You conjure some foxfire!
The ball python closely misses you. The ball python grabs you.
The ball python constricts you. The black bear closely misses you.
The black bear claws you. x2
Unknown command.
You escape the ball python's grasp.
The foxfire hits the black bear but does no damage.
The black bear is severely wounded.
The foxfire hits the black bear.
The black bear is severely wounded.
The black bear goes berserk!
Unknown command.
Casting: Foxfire (safe; 2% risk of failure)
Confirm with . or Enter, or press ? or * to list all spells.
You conjure some foxfire!
The ball python barely misses you. The ball python grabs you.
The ball python constricts you.
Unknown command.
You escape the ball python's grasp.
The foxfire hits the black bear.
The black bear is almost dead.
The foxfire hits the water moccasin skeleton.
The water moccasin skeleton is lightly damaged.
The water moccasin skeleton bites you. The black bear bites you!
* * * LOW HITPOINT WARNING * * *
The black bear closely misses you. The black bear claws you.
You die...

#..######...##...#
............##...#
...........<.#...#
..........)..#..>#
###..##.....##.(.#
#..##.....##...#
#...............#
#............Sh.#
##..##.....##..@#
##+##.....##.Z.#
.......###.##
........# ...
.##.....##...#
#..... #...# #...#
## #.. .#


You could see a black bear (berserk), a ball python (inner flame) and a water
moccasin skeleton.

Vanquished Creatures
  Grinder (D:3)
  A bullfrog (D:4)
  2 orc priests (D:3)
  Ijyb (D:3)
  Natasha (thrice) (D:3)
  3 orc wizards
  3 gnolls (D:2)
  4 adders
  An adder skeleton (D:4)
  2 worms
  5 dart slugs
  8 orcs
  4 ball pythons
  10 endoplasms
  3 giant cockroaches
  2 goblins (D:1)
  5 hobgoblins
  12 jackals
  5 kobolds
  6 quokkas
  3 bats
  7 frilled lizards
  6 rats
97 creatures vanquished.

Vanquished Creatures (others)
  254 foxfires
254 creatures vanquished.

Grand Total: 351 creatures vanquished

Notes
Turn   | Place    | Note
-------+----------+-------------------------------------------
     0 | D:1      | Conn the Octopode Fire Elementalist began the quest for the
                  | Orb.
     0 | D:1      | Reached XP level 1. HP: 11/11 MP: 3/3
   148 | D:1      | Reached XP level 2. HP: 17/17 MP: 0/5
   450 | D:1      | Reached XP level 3. HP: 11/22 MP: 1/6
  1287 | D:2      | Reached XP level 4. HP: 20/27 MP: 4/7
  1342 | D:2      | Reached skill level 1 in Short Blades
  2015 | D:2      | Learned a level 3 spell: Conjure Flame
  2019 | D:2      | Learned a level 3 spell: Inner Flame
  2178 | D:3      | Noticed Grinder
  2187 | D:3      | Killed Grinder
  2188 | D:3      | Reached skill level 1 in Fighting
  2188 | D:3      | Reached XP level 5. HP: 30/33 MP: 3/9
  2188 | D:3      | Reached XP level 6. HP: 35/38 MP: 3/10
  2346 | D:3      | Noticed Natasha
  2350 | D:3      | Killed Natasha
  2429 | D:3      | Noticed Ijyb
  2438 | D:3      | Killed Ijyb
  2563 | D:3      | Reached XP level 7. HP: 29/43 MP: 3/12
  2937 | D:3      | Noticed Natasha
  2941 | D:3      | Killed Natasha
  3256 | D:3      | Found a faded altar of an unknown god.
  3406 | D:3      | Noticed Natasha
  3413 | D:3      | Killed Natasha
  3955 | D:4      | HP: 2/44 [black bear (12)]
  3955 | D:4      | Slain by a black bear

Illustrated notes

Levels and vault maps discovered:
D:1:      psy_arrival_whirlpool, layout_rooms, nicolae_wormholes
D:2:      layout_rooms
D:3:      layout_basic, shapermc_ecumenical_altar_mp_highgroup,
          corexii_corridor_pit, kennysheep_orc_chapel, uniq_ijyb, uniq_grinder,
          uniq_natasha
D:4:      layout_gridville

Skill      XL: |  1  2  3  4  5  6 |
---------------+-------------------+-----
Stealth        | 3 4 |  4.2
Short Blades   | 1 2 |  2.0
Conjurations   | 2 3 |  3.4
Fighting       | 1 |  1.7
Spellcasting   | 3 |  3.8
Fire Magic     | 4 |  4.9
Polearms       | |  0.8
Throwing       | |  0.5
Dodging        | |  2.7
Hexes          | |  0.6

Action                   |  1- 3 |  4- 6 |  7- 9 || total
-------------------------+-------+-------+-------++-------
Melee: Unarmed           |     4 |       |       ||     4
       Short sword       |    41 |    28 |    12 ||    81
       Tentacles         |     8 |     4 |     2 ||    14
       Constrict         |    10 |     9 |     3 ||    22
       Spear             |       |     5 |     6 ||    11
Throw: Throwing net      |       |     3 |     1 ||     4
 Cast: Foxfire           |    38 |    42 |    71 ||   151
       Inner Flame       |       |     4 |     2 ||     6
  Use: Potion            |       |       |     4 ||     4
 Stab: Sleeping          |     3 |     1 |     1 ||     5
       Invisible         |       |       |     1 ||     1
Armor: Skin              |     3 |     7 |    16 ||    26
Dodge: Dodged            |    35 |    27 |    32 ||    94

Table legend: (Time is in decaauts)
 A = Elapsed time spent in this place.
 B = Non-inter-level travel time spent in this place.
 C = Inter-level travel time spent in this place.
 D = Time resting spent in this place.
 E = Time spent auto-exploring this place.
 F = Levels seen in this place.
 G = Mean time per level.
                   A        B        C        D        E       F      G
               +--------+--------+--------+--------+--------+-----+--------+
         Total |   3959 |   3929 |     30 |     64 |   3026 |   4 |  989.8 |
       Dungeon |   3959 |   3929 |     30 |     64 |   3026 |   4 |  989.8 |
               +--------+--------+--------+--------+--------+-----+--------+

Top non-repeatable levels by time:
     D:3: 1516 daAuts
     D:1: 1047 daAuts
     D:2: 991 daAuts
     D:4: 403 daAuts
